 Dungeon Crawl Stone Soup version 0.30.1-10-g1249ef9ec4 (webtiles) character file.

Game seed: 8271307512164146614

736 lonewolfV2 the Unbeliever (level 7, -4/52 HPs)
             Began as a Demonspawn Fighter on Oct 27, 2023.
             Slain by an orc
             ... wielding a +0 trident
              (7 damage)
             ... on level 5 of the Dungeon.
             The game lasted 00:05:44 (3355 turns).

lonewolfV2 the Unbeliever (Demonspawn Fighter)      Turns: 3355, Time: 00:05:44

Health: -4/52      AC: 17    Str: 18    XL:     7   Next: 46%
Magic:  10/10      EV:  8    Int: 10    God:
Gold:   290        SH:  4    Dex: 12    Spells: 6/6 levels left

rFire   + . .        a - +1 war axe
rCold   . . .        c - +0 buckler
rNeg    . . .        f - +0 plate armour
rPois   +            t - +0 helmet
rElec   .            j - +0 cloak
rCorr   .            u - +2 pair of gloves
SInv    .            (no boots)
Will    .....        (no amulet) Stlth
                     p - ring of protection from fire
HPRegen 0.28/turn    n - ring of poison resistance
MPRegen 0.24/turn

%: no passive effects
@: no status effects
A: hooves 1, repulsion field 1, spiny 2, magic regeneration
a: no special abilities


You were on level 5 of the Dungeon.
You visited 1 branch of the dungeon, and saw 5 of its levels.

You collected 290 gold pieces.

Inventory:

Hand Weapons
 a - a +1 war axe (weapon)
Armour
 b - a +0 scale mail
 c - a +0 buckler (worn)
 f - a +0 plate armour (worn)
 j - a +0 cloak (worn)
 t - a +0 helmet (worn)
 u - a +2 pair of gloves (worn)
Jewellery
 m - a ring of see invisible
 n - a ring of poison resistance (right hand)
 p - a ring of protection from fire (left hand)
 q - a ring of magical power
Scrolls
 e - 3 scrolls of amnesia
 h - 2 scrolls of immolation
 l - a scroll of blinking
 s - 2 scrolls of magic mapping
 v - 2 scrolls of poison
 w - a scroll of noise {unknown}
Potions
 d - 3 potions of might
 g - a potion of invisibility {unknown}
 i - 3 potions of flight {unknown}
 k - 6 potions of curing
 o - a potion of heal wounds {unknown}
 r - a potion of mutation {unknown}


   Skills:
 - Level 3.0 Fighting
 - Level 1.7 Axes
 + Level 4.6 Armour
 * Level 5.1 Dodging
 - Level 2.6 Shields
 + Level 5.1 Invocations


You had 6 spell levels left.
You didn't know any spells.
Your spell library contained the following spells:

 Spells                   Type           Power      Damage    Failure   Level
 Beastly Appendage        Tmut           0%         N/A       100%        1
 Magic Dart               Conj           0%         1d3       100%        1
 Blink                    Tloc           0%         N/A       100%        2
 Lesser Beckoning         Tloc           0%         N/A       100%        2
 Momentum Strike          Conj/Tloc      0%         3d8       100%        2
 Searing Ray              Conj           0%         2d4       100%        2
 Wereblood                Tmut           0%         N/A       100%        2
 Frozen Ramparts          Ice            0%         1d1       100%        3
 Spider Form              Tmut/Pois      0%         N/A       100%        3
 Fulminant Prism          Conj/Hex       0%         3d5       100%        4
 Ice Form                 Ice/Tmut       0%         N/A       100%        4
 Summon Ice Beast         Ice/Summ       0%         N/A       100%        4
 Blade Hands              Tmut           0%         N/A       100%        5
 Irradiate                Conj/Tmut      0%         3d11      100%        5
 Dragon Form              Tmut           0%         N/A       100%        7


Dungeon Overview and Level Annotations

Branches:
Dungeon (5/15)
 Temple: D:4-7

Altars:
Nemelex Xobeh
Vehumet
Wu Jian

Shops:
D:4 [


Innate Abilities, Weirdness & Mutations

You have large cloven feet.
You are surrounded by a mild repulsion field. (EV +2)
You are mostly covered in sharp spines.
You regenerate magic rapidly.


Message History

Something hits you but does no damage. The orc hits you but does no damage.
The orc priest looks braver for a moment.
Something hits you but does no damage. The orc hits you but does no damage.
Something hits you but does no damage.
The orc priest hits you but does no damage.
The orc hits you from afar with a +0 trident.
Reactivating autopickup.
You feel a bit more experienced.
The orc priest is struck by your spines.
The orc priest hits you but does no damage.
The orc priest is struck by your spines.
The orc priest barely misses you. The orc hits you but does no damage.
The orc priest is struck by your spines.
The orc priest barely misses you.
The orc hits you from afar with a +0 trident.
The orc priest is struck by your spines.
The orc priest hits you but does no damage.
The orc closely misses you.
The orc priest mumbles some strange prayers to Beogh against you.
Beogh smites you! The orc barely misses you.
The orc priest calls down the wrath of Beogh upon you.
Beogh smites you!
* * * LOW HITPOINT WARNING * * *
The orc closely misses you.
The orc priest calls down the wrath of Beogh upon you.
Beogh smites you!
* * * LOW HITPOINT WARNING * * *
The orc hits you from afar with a +0 trident.
* * * LOW HITPOINT WARNING * * *
The orc priest is struck by your spines.
You kill the orc priest!
You block the orc's attack. The orc barely misses you.
The orc closely misses you. The orc closely misses you.
The orc barely misses you. The orc barely misses you.
The orc hits you from afar with a +0 trident!
You die...

#....# # ##.... .. .....
...##... ...... .# .o.# .#
#######)### .# ......)@..#
.# .#######..# .# #.......#
##.##
######.###...##########....
#......###...##............
#......#.....##......##....
#..........#.##......##....
#......#.#.#.##......##....
#......#.#.#.##......##....


You could see an orc.

Vanquished Creatures
  A sky beast (D:5)
  A phantom (D:4)
  A scorpion (D:5)
  A howler monkey (D:5)
  A hound (D:5)
  2 orc priests
  A sleepcap (D:4)
  Jessica (D:3)
  4 iguanas
  2 orc wizards (D:5)
  6 adders
  A shadow imp (D:5)
  2 worms (D:2)
  A dart slug (D:1)
  14 orcs
  4 ball pythons
  A bat (D:2)
  10 endoplasms
  4 giant cockroaches
  6 goblins
  15 hobgoblins
  8 jackals (D:1)
  4 quokkas
  3 frilled lizards (D:2)
  6 kobolds
  5 rats
105 creatures vanquished.

Notes
Turn   | Place    | Note
-------+----------+-------------------------------------------
     0 | D:1      | lonewolfV2 the Demonspawn Fighter began the quest for the
                  | Orb.
     0 | D:1      | Reached XP level 1. HP: 18/18 MP: 1/1
   105 | D:1      | Reached skill level 1 in Invocations
   105 | D:1      | Gained mutation: You regenerate magic rapidly. [demonic
                  | ancestry]
   105 | D:1      | Reached XP level 2. HP: 24/24 MP: 2/2
   110 | D:1      | Reached skill level 1 in Dodging
   451 | D:1      | Gained mutation: You are surrounded by a mild repulsion
                  | field. (EV +2) [demonic ancestry]
   451 | D:1      | Reached XP level 3. HP: 29/29 MP: 4/4
  1373 | D:3      | Gained mutation: You are partially covered in sharp spines.
                  | [demonic ancestry]
  1373 | D:3      | Reached XP level 4. HP: 35/35 MP: 5/5
  1374 | D:3      | Found an ornate altar of the Wu Jian Council.
  1376 | D:3      | Found a radiant altar of Vehumet.
  1571 | D:3      | Found a sparkling altar of Nemelex Xobeh.
  1725 | D:3      | Noticed Jessica
  1728 | D:3      | Killed Jessica
  1729 | D:3      | Reached XP level 5. HP: 41/41 MP: 7/7
  2471 | D:4      | Found Cyryrreu's Armour Emporium.
  2720 | D:4      | Noticed a phantom
  2727 | D:4      | Killed a phantom
  2728 | D:4      | Gained mutation: You have large cloven feet. [demonic
                  | ancestry]
  2728 | D:4      | Reached XP level 6. HP: 46/47 MP: 8/8
  2874 | D:5      | Entered Level 5 of the Dungeon
  2874 | D:5      | Noticed a sky beast
  2893 | D:5      | Killed a sky beast
  3060 | D:5      | Gained mutation: You are mostly covered in sharp spines.
                  | [demonic ancestry]
  3060 | D:5      | Reached XP level 7. HP: 42/52 MP: 10/10
  3292 | D:5      | Reached skill level 5 in Dodging
  3292 | D:5      | Reached skill level 5 in Invocations
  3348 | D:5      | HP: 1/52 [orc/+0 trident (4)]
  3355 | D:5      | Slain by an orc

Illustrated notes

Levels and vault maps discovered:
D:1:      wheals_arrival_shading, layout_rooms
D:2:      layout_basic
D:3:      cheibrodos_greedy_goblins, layout_basic,
          mainiacjoe_overflow_cross_hatched, jmf_multi_god_temple,
          serial_curves, eino_curves_01, eino_curves_04, kennysheep_nondescript,
          uniq_jessica
D:4:      layout_gridville, minmay_shop_grid_forest, grunt_ministairs_12,
          skrybe_limestone_x
D:5:      layout_basic, minmay_temple_entry_water_ring

Skill      XL: |  1  2  3  4  5  6  7 |
---------------+----------------------+-----
Invocations    | 1 2 3 4 5 |  5.1
Dodging        | 1 2 3 4 5 |  5.1
Armour         | 3 4 |  4.6
Fighting       | |  3.0
Axes           | |  1.7
Shields        | |  2.6

Action                     |  1- 3 |  4- 6 |  7- 9 || total
---------------------------+-------+-------+-------++-------
  Melee: War axe           |   125 |    70 |     1 ||   196
    Use: Scroll            |     2 |     6 |       ||     8
 Armour: Scale mail        |    21 |       |       ||    21
         Plate armour      |   111 |    62 |    48 ||   221
  Dodge: Dodged            |    61 |    57 |    32 ||   150
  Block: Buckler           |    55 |    31 |    10 ||    96
